 Dungeon Crawl Stone Soup version 0.29.1-13-g9f3cf754e1 (webtiles) character file.

Game seed: 11844210680292548465

14 Exodus22XD the Trooper (level 2, 23/27 HPs)
             Began as a Minotaur Fighter on Feb 5, 2023.
             Was a Follower of Uskayaw.
             Quit the game on level 1 of the Dungeon.
             The game lasted 00:00:29 (202 turns).

Exodus22XD the Trooper (Minotaur Fighter)            Turns: 202, Time: 00:00:29

Health: 23/27      AC:  7    Str: 20    XL:     2   Next: 31%
Magic:  1/1        EV:  9    Int:  5    God:    Uskayaw [*.....]
Gold:   4          SH:  4    Dex:  9    Spells: 1/1 levels left

rFire   . . .      SeeInvis .   a - +0 war axe
rCold   . . .      Faith    .   c - +0 buckler
rNeg    . . .      Spirit   .   b - +0 scale mail
rPois   .          Reflect  .   (helmet restricted)
rElec   .          Harm     .   (no cloak)
rCorr   .          Rampage  .   (no gloves)
Will    .....                   (no boots)
Stlth   ..........              (no amulet)
HPRegen 0.09/turn               (no ring)
MPRegen 0.07/turn               (no ring)

@: no status effects
A: horns 2, retaliatory headbutt
a: Renounce Religion, Stomp


You were on level 1 of the Dungeon.
You worshipped Uskayaw.
Uskayaw was noncommittal.
You visited 1 branch of the dungeon, and saw 1 of its levels.

You collected 4 gold pieces.

Inventory:

Hand Weapons
 a - a +0 war axe (weapon)
Armour
 b - a +0 scale mail (worn)
 c - a +0 buckler (worn)
Scrolls
 e - a scroll of poison {unknown}
Potions
 d - a potion of might


   Skills:
 + Level 3.9 Fighting
 + Level 2.6 Axes
 + Level 3.9 Armour
 + Level 3.9 Shields


You had one spell level left.
You didn't know any spells.
Your spell library was empty.

Dungeon Overview and Level Annotations

Branches:
Dungeon (1/15)

Altars:
Uskayaw


Innate Abilities, Weirdness & Mutations

You have a pair of horns on your head.
You reflexively headbutt those who attack you in melee.


Message History

The jackal barks!
The jackal bites you but does no damage.
There are monsters nearby!
You miss the jackal. You miss the jackal. The jackal barely misses you.
You block the jackal's attack.
You barely miss the jackal. The jackal bites you.
The jackal bites you but does no damage.
You hit the jackal. Your headbutt misses the jackal.
The jackal is almost dead.
The jackal bites you. The jackal barely misses you.
You hit the jackal.
You kill the jackal!
The jackal closely misses you. You furiously retaliate!
You headbutt the jackal.
You kill the jackal!
You hit the jackal.
The jackal is heavily wounded.
The jackal bites you but does no damage.
The jackal closely misses you. You furiously retaliate!
You headbutt the jackal, but do no damage.
You miss the jackal.
The jackal is heavily wounded.
The jackal bites you but does no damage.
The jackal barely misses you.
You barely miss the jackal.
The jackal is moderately wounded.
The jackal closely misses you. You block the jackal's attack.
You slash the jackal!
You kill the jackal!
No target in view!
Found a coppery potion.
Things that are here:
a jackal corpse; a jackal corpse
There is a faded altar of an unknown god here.
You cannot tell which god this altar belongs to.
Convert to them anyway?
Uskayaw accepts your prayer! Uskayaw welcomes you!
You can now stomp with the beat.
Are you sure you want to abandon this character and quit the game? (Confirm with "yes".)

#!# #####.# #...#.#
#####.##.#########
#.###......†.........#
#.........##.........#
#####.#....#..8.⌠.8..#
# #.######........# #
#.....##..⌠.@.⌠.# #
#..##.##........# #
#..##.##..8.⌠.8.#
#####..##.##........#
.......##.##..#####.#
######.##.##..# .#
#.##.##.. # #.##.##..
#.##..


There were no monsters in sight!

Vanquished Creatures
  2 dart slugs (D:1)
  An endoplasm (D:1)
  A hobgoblin (D:1)
  3 jackals (D:1)
  A kobold (D:1)
  A rat (D:1)
9 creatures vanquished.

Notes
Turn   | Place    | Note
-------+----------+-------------------------------------------
     0 | D:1      | Exodus22XD the Minotaur Fighter began the quest for the
                  | Orb.
     0 | D:1      | Reached XP level 1. HP: 19/19 MP: 0/0
   128 | D:1      | Reached XP level 2. HP: 26/27 MP: 1/1
   185 | D:1      | Found a faded altar of an unknown god.
   201 | D:1      | Prayed at the altar of an unknown god.
   201 | D:1      | Became a worshipper of Uskayaw the Reveller
   201 | D:1      | Reached * piety under Uskayaw
   202 | D:1      | Quit the game

Illustrated notes

Levels and vault maps discovered:
D:1:      dpeg_arrival_rooms_with_view, layout_basic,
          hellmonk_ecumenical_altar_dog_temple, serial_shops, shop,
          minmay_heptomino_o4

Action                   || total
-------------------------++-------
Melee: War axe           ||    18
Armor: Scale mail        ||     9
Dodge: Dodged            ||     9
Block: Buckler           ||     3
